 Dungeon Crawl Stone Soup version 0.26-a0-712-ga5a9c9c9d0 (webtiles) character file.

Game seed: 10626308111056921466

398 kae the Changer (level 6, -7/38 HPs)
             Began as an Octopode Transmuter on Nov 5, 2020.
             Mangled by Blork the orc
             ... wielding a +1 hand axe of electrocution
              (12 damage)
             ... on level 4 of the Dungeon.
             The game lasted 00:03:22 (4959 turns).

kae the Changer (Octopode Transmuter)               Turns: 4959, Time: 00:03:23

Health: -7/38      AC:  1    Str: 11    XL:     6   Next: 83%
Magic:  10/10      EV: 13    Int: 15    God:
Gold:   212        SH:  0    Dex: 13    Spells: 6/10 levels left

rFire    . . .     SeeInvis .     - Unarmed
rCold    . . .     Faith    .   (no shield)
rNeg     . . .     Spirit   .   (helmet restricted)
rPois    .         Reflect  .   (no amulet)
rElec    .         Harm     .   (no ring)
rCorr    .         Rampage  .   (no ring)
MR       .....                  (no ring)
Stlth    ++........             (no ring)
HPRegen  0.12/turn              (no ring)
MPRegen  0.12/turn              (no ring)
                                (no ring)
                                (no ring)

@: about to teleport
A: almost no armour, stealthy swim, amphibious, 8 rings, constrict 8, camouflage
1, gelatinous body 1
a: no special abilities


You were on level 4 of the Dungeon.
You visited 1 branch of the dungeon, and saw 4 of its levels.

You collected 212 gold pieces.

Inventory:

Wands
 i - a wand of digging (6)
Scrolls
 a - 4 scrolls of teleportation
 b - 2 scrolls of blinking
 c - a scroll of noise
 d - 2 scrolls of remove curse
 e - 3 scrolls of identify
 h - a scroll of amnesia
 l - a scroll of enchant weapon
Potions
 f - a potion of lignification
 g - a potion of experience {unknown}
 k - a potion of brilliance {unknown}
 m - a potion of haste {unknown}


   Skills:
 - Level 1.0 Fighting
 - Level 2.0 Dodging
 + Level 4.2 Unarmed Combat
 + Level 2.9 Spellcasting
 * Level 4.6 Transmutations
 - Level 4.0 Poison Magic


You had 6 spell levels left.
You knew the following spells:

 Your Spells              Type           Power        Failure   Level
a - Beastly Appendage     Tmut           ###...       3%          1
b - Spider Form           Tmut/Pois      ###.......   11%         3

Your spell library contained the following spells:

 Spells                   Type           Power        Failure   Level
 Wereblood                Tmut           ###.....     4%          2
 Ice Form                 Ice/Tmut       #.......     61%         4
 Blade Hands              Tmut           ###.......   63%         5


Dungeon Overview and Level Annotations

Branches:
Dungeon (4/15)
 Temple: D:4-7

Altars:
Kikubaaqudgha

Annotations:
D:4 Blork the orc, Menkaure, Pikel


Innate Abilities, Weirdness & Mutations

You cannot wear most types of armour.
You are very stealthy in the water. (Stealth+)
You are amphibious.
You can wear up to eight rings at the same time.
You can use your tentacles to constrict eight enemies at once.
Your skin changes colour to match your surroundings (Stealth+).
Your rubbery body absorbs attacks. (AC +1, EV +1)


Message History

The orc closely misses you.
Okay, then.
The orc closely misses you.
As you read the scroll labeled FOBACUUGUO, it crumbles to dust.
You feel strangely unstable.
It was a scroll of teleportation.
Pikel cracks his whip.
You hear a zap.
Some rock shatters into small pieces.
The orc misses you.
You hit the orc.
The orc is heavily wounded.
The lemure hits you.
You hit the orc.
You kill the orc!
Your transformation has ended.
The lemure barely misses you.
A lemure comes into view.
Something hits you!
* * * LOW HITPOINT WARNING * * *
You are electrocuted!
You die...

# #####.############******** *
#....ooo{@5.5K...5,,,,,,,, *
#.#.####.#########******** *
#.#****######### *
#o##...........# *
#o##...........# #
*#######.##...........###########
,.........'...........'.........+
*#######.##...........##..#######
## #.##...........###.#######


You could see Pikel, 2 lemures and 3 orcs.

Vanquished Creatures
  An ogre (D:4)
  3 iguanas (D:4)
  Natasha (twice) (D:4)
  A worker ant (D:4)
  5 adders
  An ufetubus (D:4)
  An ooze (D:1)
  An adder skeleton (D:3)
  4 worms
  2 dart slugs
  3 leopard geckos
  7 orcs
  3 ball pythons
  7 bats
  5 giant cockroaches
  12 goblins
  11 hobgoblins
  2 jackals (D:4)
  A quokka (D:2)
  5 frilled lizards
  3 kobolds
  7 rats
87 creatures vanquished.

Vanquished Creatures (others)
  A human (D:3)
1 creature vanquished.

Grand Total: 88 creatures vanquished

Notes
Turn   | Place    | Note
-------+----------+-------------------------------------------
     0 | D:1      | kae the Octopode Transmuter began the quest for the Orb.
     0 | D:1      | Reached XP level 1. HP: 13/13 MP: 3/3
   337 | D:1      | Reached XP level 2. HP: 14/18 MP: 3/5
  1209 | D:1      | Reached XP level 3. HP: 22/23 MP: 4/6
  1214 | D:1      | Learned a level 3 spell: Spider Form
  1704 | D:2      | Reached skill level 1 in Poison Magic
  2173 | D:2      | Reached XP level 4. HP: 25/28 MP: 5/7
  3080 | D:3      | Reached XP level 5. HP: 30/33 MP: 6/8
  4032 | D:3      | Found an ancient bone altar of Kikubaaqudgha.
  4070 | D:3      | Noticed a human
  4071 | D:3      | Killed a human
  4081 | D:4      | Noticed Menkaure
  4280 | D:4      | Noticed Natasha
  4290 | D:4      | Killed Natasha
  4290 | D:4      | Reached XP level 6. HP: 17/38 MP: 6/9
  4592 | D:4      | Noticed Natasha
  4602 | D:4      | Killed Natasha
  4932 | D:4      | Noticed Blork the orc
  4954 | D:4      | Noticed Pikel
  4959 | D:4      | Mangled by Blork the orc

Illustrated notes

Levels and vault maps discovered:
D:1:      mushboom_english_gardens, layout_basic
D:2:      layout_basic
D:3:      minmay_inner_zag, layout_loops_ring, tgw_kikubaaqudgha
D:4:      layout_basic, nicolae_dithmenos_shadow_blocks, uniq_natasha,
          uniq_blork_the_orc, uniq_menkaure, uniq_pikel, uniq_duvessa

Skill      XL: |  1  2  3  4  5  6 |
---------------+-------------------+-----
Transmutations | 3 4 |  4.6
Poison Magic   | 1 2 3 4 |  4.0
Unarmed Combat | 4 |  4.2
Fighting       | |  1.0
Dodging        | |  2.0
Spellcasting   | |  2.9

Action                   |  1- 3 |  4- 6 || total
-------------------------+-------+-------++-------
Melee: Unarmed           |    76 |   136 ||   212
       Constrict         |    23 |    27 ||    50
       Tentacles         |     9 |    19 ||    28
       Kick              |    16 |    14 ||    30
       Punch             |     1 |     3 ||     4
 Cast: Beastly Appendage |    27 |    19 ||    46
       Spider Form       |       |     9 ||     9
  Use: Scroll            |       |     8 ||     8
 Stab: Sleeping          |     4 |     2 ||     6
       Distracted        |     1 |       ||     1
Armor: Skin              |     9 |     7 ||    16
Dodge: Dodged            |    42 |    97 ||   139

Table legend: (Time is in decaauts)
 A = Elapsed time spent in this place.
 B = Non-inter-level travel time spent in this place.
 C = Inter-level travel time spent in this place.
 D = Time resting spent in this place.
 E = Time spent auto-exploring this place.
 F = Levels seen in this place.
 G = Mean time per level.
                   A        B        C        D        E       F      G
               +--------+--------+--------+--------+--------+-----+--------+
         Total |   4946 |   4832 |    114 |    328 |   3820 |   4 | 1236.5 |
       Dungeon |   4946 |   4832 |    114 |    328 |   3820 |   4 | 1236.5 |
               +--------+--------+--------+--------+--------+-----+--------+

Top non-repeatable levels by time:
     D:3: 1515 daAuts
     D:1: 1467 daAuts
     D:2: 1124 daAuts
     D:4: 838 daAuts
